 Dungeon Crawl Stone Soup version 0.32-a0-747-gc8563f6773 (webtiles) character file.

Game seed: 12287518373320121053

107847 Elsrick the Executioner (level 16, -2/149 HPs)
             Began as a Mountain Dwarf Fighter on Mar 17, 2024.
             Was the Champion of the Shining One.
             Killed by divine providence
             ... invoked by a sphinx
             ... summoned by Kirke
              (11 damage)
             ... on level 15 of the Dungeon on Mar 18, 2024.
             The game lasted 01:11:54 (24034 turns).

Elsrick the Executioner (Mountain Dwarf Fighter)   Turns: 24034, Time: 01:11:54

Health: -2/149     AC:  0    Str: 26    XL:     16   Next: 1%
Magic:  16/16      EV: 13    Int: 10    God:    the Shining One [******]
Gold:   905        SH:  5    Dex:  9    Spells: 15/15 levels left

rFire   . . .        P - melded +1 battleaxe (flame)
rCold   . . .        (shield currently unavailable)
rNeg    + + +        y - melded +3 plate armour
rPois   .            j - melded +2 hat
rElec   .            p - melded scarf {rC+ rF+}
rCorr   .            h - melded +1 pair of gloves
SInv    .            o - melded +0 pair of boots
Will    +....        J - amulet of reflection
Stlth   +            c - melded +4 ring of slaying
HPRegen 0.44/turn    C - melded +4 ring of protection
MPRegen 0.15/turn

%: reflection
@: pig-form, hasted and slowed, glowing, very quick
A: fast, no casting, small, runic magic, artefact enchanting
a: Renounce Religion, Divine Shield, Cleansing Flame, Summon Divine Warrior,
Brand Weapon With Holy Wrath


You were on level 15 of the Dungeon.
You worshipped the Shining One.
The Shining One was exalted by your worship.
You were a filthy swine.
You visited 3 branches of the dungeon, and saw 22 of its levels.
You also visited: Sewer.

You collected 1311 gold pieces.
You spent 406 gold pieces at shops.

Inventory:

Hand Weapons
 q - a +0 short sword of holy wrath
 P - a +1 battleaxe of flaming (melded)
Missiles
 f - 8 javelins
Armour
 h - a +1 pair of gloves (melded)
 j - a +2 hat (melded)
 o - a +0 pair of boots (melded)
 p - a scarf of resistance (melded)
 y - a +3 plate armour (melded)
 N - a +4 scale mail of willpower
Jewellery
 c - a +4 ring of slaying (melded)
 r - a ring of poison resistance
 v - a ring of protection from cold
 A - a +4 ring of protection
 C - a +4 ring of protection (melded)
 I - a +6 ring of dexterity
 J - an amulet of reflection (around neck)
 S - a ring of see invisible
 T - an amulet of regeneration
 U - a ring of flight
Talismans
 Y - a serpent talisman
Wands
 k - a wand of flame (57) (quivered)
 D - a wand of charming (5)
 H - a wand of quicksilver (14)
 K - a wand of roots (23)
Scrolls
 e - 3 scrolls of silence
 g - 8 scrolls of teleportation
 i - a scroll of torment {unknown}
 n - 3 scrolls of enchant armour
 s - 5 scrolls of blinking
 w - 6 scrolls of fear
 x - 3 scrolls of enchant weapon
 G - 4 scrolls of amnesia
 O - a scroll of fog
Potions
 b - a potion of attraction
 d - 2 potions of degeneration {unknown}
 m - 4 potions of invisibility
 t - a potion of magic {unknown}
 u - 3 potions of resistance
 z - 2 potions of brilliance
 B - 2 potions of haste
 L - a potion of curing {unknown}
 M - 4 potions of enlightenment
 Q - 2 potions of ambrosia
Miscellaneous
 a - a sack of spiders
 Z - a lightning rod (4/4)


   Skills:
 + Level 15.5 Fighting
 + Level 21.5 Axes
 + Level 1.5 Throwing
 + Level 13.8 Armour
 + Level 3.1 Dodging
 + Level 1.8 Stealth
 + Level 9.2 Shields
 + Level 1.0 Evocations


You had 15 spell levels left.
You didn't know any spells.
Your spell library contained the following spells:

 Spells                   Type           Power      Damage    Failure   Level
 Slow                     Hex            0%         N/A       36%         1
 Summon Small Mammal      Summ           0%         N/A       36%         1
 Cigotuvi's Dreadful Rot  Necr/Alch/Air  0%         N/A       50%         2
 Mercury Vapours          Alch/Air       0%         N/A       50%         2
 Call Canine Familiar     Summ           0%         N/A       75%         3
 Confusing Touch          Hex            0%         N/A       75%         3
 Dazzling Flash           Conj/Hex       0%         N/A       75%         3
 Gell's Gravitas          Tloc           0%         N/A       75%         3
 Mephitic Cloud           Conj/Alch/Air  0%         N/A       75%         3
 Passwall                 Erth           0%         N/A       75%         3
 Sigil of Binding         Hex            0%         N/A       75%         3
 Teleport Other           Tloc           0%         N/A       75%         3
 Vampiric Draining        Necr           0%         2d6       75%         3
 Volatile Blastmotes      Fire/Tloc      0%         2d10      75%         3
 Anguish                  Hex/Necr       0%         N/A       98%         4
 Cause Fear               Hex            0%         N/A       98%         4
 Dispel Undead            Necr           0%         3d6       98%         4
 Fulminant Prism          Conj/Alch      0%         3d5       98%         4
 Iskenderun's Mystic Bla  Conj/Tloc      0%         2d3       98%         4
 Martyr's Knell           Necr/Summ      0%         N/A       98%         4
 Summon Blazeheart Golem  Fire/Summ      0%         N/A       98%         4
 Curse of Agony           Necr           0%         N/A       100%        5
 Freezing Cloud           Conj/Ice/Air   0%         6-21      100%        5
 Silence                  Hex/Air        0%         N/A       100%        5
 Summon Forest            Summ/Tloc      0%         N/A       100%        5
 Summon Mana Viper        Hex/Summ       0%         N/A       100%        5
 Bombard                  Conj/Erth      0%         9d1       100%        6
 Death Channel            Necr           0%         N/A       100%        6
 Dispersal                Tloc           0%         N/A       100%        6
 Sculpt Simulacrum        Ice/Alch       0%         N/A       100%        6
 Summon Cactus Giant      Summ           0%         N/A       100%        6
 Enfeeble                 Hex            0%         N/A       100%        7


Dungeon Overview and Level Annotations

Branches:
Dungeon (15/15)            Temple (0/1) D:6            Lair (5/5) D:11
  Swamp (0/4) Lair:3       Spider (0/4) Lair:3        Slime (0/5) Lair:4
    Orc (2/2) D:10         Vaults (0/5) D:13          Sewer (visited)
    Elf: Orc:2       Depths: D:15

Altars:
Dithmenos
Elyvilon
Kikubaaqudgha
Trog
Uskayaw
Xom
The Shining One
Jiyva

Shops:
D:12 *(**?   D:13 (   Orc:2 :

Portals:
Trove: D:14 (give 15 scrolls of teleportation)

Annotations:
D:4 2 runed translucent doors, lessens's ghost, amateur MDFi
D:14 Roxanne
D:15 Kirke


Innate Abilities, Weirdness & Mutations

You are a filthy swine.
You move quickly.
Your equipment is almost entirely melded.
You are incapable of wielding weapons or throwing items.
You cannot cast spells.
Your spellcasting is much less encumbered by armour.
You can use scrolls of enchantment on lesser artefacts.


Message History

Your +4 ring of slaying melds into your body.
Your +4 ring of protection melds into your body.
Your +1 battleaxe of flaming stops flaming.
You feel hot and cold all over. Kirke casts a spell at you.
You feel yourself slow down.
Kirke mumbles some strange words.
Kirke summons a sphinx!
The sphinx mumbles some strange words.
You feel as though you will be slow longer.
The sphinx casts a spell.
You are confused.
Kirke points at you and mumbles some strange words.
You feel a momentary urge to oink.
The sphinx mumbles some strange words.
You suddenly lose the ability to move!
You feel less confused. Kirke hits you. The sphinx hits you!!
The sphinx hits you. x2
Kirke hits you! The sphinx hits you! The sphinx hits you. The sphinx hits you!
Kirke hits you! The sphinx hits you! x3
You can move again.
The sphinx casts a spell.
Something smites you!
* * * LOW HITPOINT WARNING * * *
You feel yourself speed up. Kirke hits you!
* * * LOW HITPOINT WARNING * * *
The sphinx hits you!
* * * LOW HITPOINT WARNING * * *
The sphinx hits you.
* * * LOW HITPOINT WARNING * * *
The sphinx hits you.
* * * LOW HITPOINT WARNING * * *
Kirke hits you.
* * * LOW HITPOINT WARNING * * *
The sphinx casts a spell.
You resist with some effort.
A skeletal warrior comes into view. It is wielding a +0 short sword.
The sphinx mumbles some strange words.
Something smites you!
You die...

.................#####...
.................#.#.#...
...............).#^#.#<..
...............))#...#...
..........######)'._.'.##
..........# ###...###
...[.z....# #(#^#
..........# #.#.#
........h.# #####
..........###############
.......^..@..............
.........H..............
#############...........
#..######### #..# #..#
#..#


You could see Kirke, a sphinx (summoned) and a skeletal warrior.

Vanquished Creatures
  Jorgrun (D:14)
  Gastronok (D:8)
  Nessos (Lair:4)
  A fire dragon (D:14)
  Harold (D:10)
  10 hydras
  Erica (D:8)
  2 centaur warriors
  3 catoblepae
  An anaconda (Lair:5)
  4 two-headed ogres
  Urug (Lair:4)
  2 boulder beetles
  A demonic crawler (Lair:1)
  10 death yaks
  A deep troll shaman (Lair:5)
  4 skeletal warriors (D:15)
  A skyshark (Lair:2)
  A deep troll (Lair:2)
  An arcanist (D:13)
  2 orc knights
  2 deep elf pyromancers
  5 cyclopes
  8 ugly things
  13 elephants
  7 black mambas
  A cane toad (shapeshifter) (D:14)
  3 gargoyles (D:12)
  Maggie (D:8)
  A rime drake (shapeshifter) (D:13)
  10 cane toads
  7 rime drakes
  8 komodo dragons
  A kobold demonologist (D:12)
  A tengu conjurer (D:13)
  6 trolls
  6 polar bears
  A hornet (D:9)
  15 blink frogs
  4 dream sheep (Lair:5)
  27 yaks
  A shadow (D:6)
  A vampire (D:12)
  4 water elementals (D:12)
  4 wraiths
  5 wyverns
  3 hogs (D:15)
  5 basilisks
  2 wargs
  Eustachio (D:6)
  3 swamp worms (Lair:1)
  An acid dragon (D:10)
  16 water moccasins
  8 orc warriors
  2 ice beasts
  A sky beast (D:6)
  4 boggarts (D:14)
  3 ogres (Orc:1)
  5 black bears
  14 centaurs
  36 wolves
  5 kobold brigands
  16 bullfrogs
  A gnoll sergeant (D:7)
  3 wights (D:6)
  4 scorpions
  8 killer bees
  3 electric eels (D:12)
  2 bombardier beetles (D:5)
  A howler monkey (D:11)
  2 crimson imps (D:15)
  2 hounds
  A gnoll bouda (D:8)
  7 jellies
  4 orc priests
  Jessica (D:2)
  4 iguanas
  19 orc wizards
  7 hell rats
  17 gnolls
  4 adders
  3 river rats (Sewer)
  A white imp (D:5)
  2 ufetubi (D:5)
  2 dart slugs
  A ribbon worm (Sewer)
  66 orcs
  19 endoplasms
  7 giant cockroaches
  4 goblins
  3 hobgoblins
  9 jackals
  6 quokkas
  4 ball pythons
  3 bats
  4 frilled lizards
  32 kobolds
  13 rats
586 creatures vanquished.

Vanquished Creatures (others)
  A cane toad (Lair:1)
1 creature vanquished.

Grand Total: 587 creatures vanquished

Notes
Turn   | Place    | Note
-------+----------+-------------------------------------------
     0 | D:1      | Elsrick the Mountain Dwarf Fighter began the quest for the
                  | Orb.
     0 | D:1      | Reached XP level 1. HP: 19/19 MP: 1/1
   198 | D:1      | Reached XP level 2. HP: 26/26 MP: 2/2
   803 | D:1      | Reached skill level 3 in Axes
   869 | D:2      | Found a glowing golden altar of the Shining One.
   884 | D:2      | Became a worshipper of the Shining One
   920 | D:2      | Reached XP level 3. HP: 31/31 MP: 3/3
   997 | D:2      | The Shining One protects you from harm!
  1116 | D:2      | Reached XP level 4. HP: 17/40 MP: 4/4
  1358 | D:2      | Reached skill level 4 in Axes
  1467 | D:2      | Noticed Jessica
  1474 | D:2      | Killed Jessica
  2108 | D:3      | Noticed a scorpion
  2113 | D:3      | Killed a scorpion
  2114 | D:3      | Reached XP level 5. HP: 43/46 MP: 5/5
  2174 | D:3      | Found a glowing drain.
  2202 | Sewer    | Entered a sewer
  2300 | Sewer    | Reached skill level 1 in Dodging
  2300 | Sewer    | Reached XP level 6. HP: 49/52 MP: 6/6
  2327 | Sewer    | Found a viscous altar of Jiyva.
  2330 | Sewer    | Reached skill level 5 in Axes
  2340 | Sewer    | Reached * piety under the Shining One
  2502 | D:3      | Found an ancient bone altar of Kikubaaqudgha.
  3207 | D:4      | Found a shadowy altar of Dithmenos.
  3272 | D:4      | Found a large runed translucent door.
  3272 | D:4      | Found a large runed translucent door.
  3273 | D:4      | Noticed lessens's ghost (amateur MDFi)
  3537 | D:4      | Found a bloodstained altar of Trog.
  3741 | D:5      | Entered Level 5 of the Dungeon
  3771 | D:5      | Reached skill level 5 in Armour
  3774 | D:5      | Reached skill level 6 in Axes
  4006 | D:5      | Found a white marble altar of Elyvilon.
  4064 | D:5      | Noticed an ice beast
  4074 | D:5      | Killed an ice beast
  4075 | D:5      | Reached XP level 7. HP: 60/60 MP: 7/7
  4668 | D:5      | Identified the +0 leather armour of the Butcher {rC+ Will++
                  | Int+3 Stlth+}
  4852 | D:6      | Reached skill level 5 in Fighting
  4852 | D:6      | Reached skill level 7 in Axes
  5070 | D:6      | Noticed Eustachio
  5079 | D:6      | Reached XP level 8. HP: 61/69 MP: 8/8
  5096 | D:6      | Killed Eustachio
  5097 | D:6      | Reached skill level 8 in Axes
  5248 | D:6      | Found a staircase to the Ecumenical Temple.
  5540 | D:6      | Reached skill level 9 in Axes
  5878 | D:7      | Reached ** piety under the Shining One
  5889 | D:6      | Reached skill level 5 in Shields
  5951 | D:7      | Reached XP level 9. HP: 73/75 MP: 9/9
  6251 | D:7      | Reached skill level 10 in Axes
  6375 | D:7      | Noticed a +3 hand axe
  6375 | D:7      | Noticed a +0 hand axe
  6378 | D:7      | Found a hide-covered altar of Uskayaw.
  7315 | D:8      | Reached skill level 11 in Axes
  7375 | D:8      | Noticed Gastronok
  7588 | D:8      | Killed Gastronok
  7589 | D:8      | Reached skill level 12 in Axes
  7589 | D:8      | Reached XP level 10. HP: 20/86 MP: 10/10
  7861 | D:8      | Noticed Erica
  7866 | D:8      | Noticed Maggie
  7872 | D:8      | Killed Erica
  7873 | D:8      | Reached skill level 1 in Stealth
  7877 | D:8      | Killed Maggie
  7878 | D:8      | Reached skill level 13 in Axes
  8440 | D:9      | Reached skill level 1 in Throwing
  8819 | D:9      | Reached skill level 14 in Axes
  9104 | D:10     | Entered Level 10 of the Dungeon
  9361 | D:10     | Noticed Harold
  9378 | D:10     | Killed Harold
  9379 | D:10     | Reached XP level 11. HP: 79/95 MP: 11/11
  9576 | D:10     | Found a staircase to the Orcish Mines.
  9714 | D:10     | Reached *** piety under the Shining One
 10126 | Orc:1    | Entered Level 1 of the Orcish Mines
 10171 | Orc:1    | Noticed an orc knight
 10482 | Orc:1    | Killed an orc knight
 10483 | Orc:1    | Reached skill level 15 in Axes
 10690 | Orc:2    | Entered Level 2 of the Orcish Mines
 10690 | Orc:2    | Found Peneod's Book Shop.
 11095 | D:11     | Found a staircase to the Lair.
 11514 | D:11     | Reached skill level 16 in Axes
 11915 | Lair:1   | Entered Level 1 of the Lair of Beasts
 11971 | Lair:1   | Noticed a catoblepas
 12011 | Lair:1   | Killed a catoblepas
 12205 | Lair:1   | Reached skill level 10 in Fighting
 12270 | Lair:1   | Noticed a demonic crawler
 12288 | Lair:1   | Killed a demonic crawler
 12289 | Lair:1   | Reached XP level 12. HP: 76/106 MP: 12/12
 12597 | Lair:1   | Reached skill level 17 in Axes
 12643 | Lair:1   | Noticed a death yak
 12645 | Lair:1   | Noticed a death yak
 12645 | Lair:1   | Noticed a death yak
 12668 | Lair:1   | Noticed a death yak
 12670 | Lair:1   | Killed a death yak
 12675 | Lair:1   | Killed a death yak
 12684 | Lair:1   | Killed a death yak
 12688 | Lair:1   | Killed a death yak
 13267 | Lair:2   | Reached **** piety under the Shining One
 13270 | Lair:2   | Noticed a six-headed hydra
 13272 | Lair:2   | Reached skill level 10 in Armour
 13942 | Lair:2   | Reached skill level 18 in Axes
 15106 | Lair:3   | Reached XP level 13. HP: 105/116 MP: 13/13
 15162 | Lair:3   | Found a hole to the Spider Nest.
 15452 | Lair:3   | Found a staircase to the Swamp.
 15952 | Lair:4   | Noticed Nessos
 15961 | Lair:4   | Killed Nessos
 15978 | Lair:4   | Reached skill level 19 in Axes
 16255 | Lair:4   | Noticed Urug
 16269 | Lair:4   | HP: 1/117 [Urug/+2 halberd of venom (13)]
 16271 | Lair:4   | Killed Urug
 16631 | Lair:4   | Found a staircase to the Slime Pits.
 16632 | Lair:4   | Found a viscous altar of Jiyva.
 16655 | Lair:4   | Identified the +0 robe of the Ego {rN+}
 17114 | Lair:5   | Entered Level 5 of the Lair of Beasts
 17114 | Lair:5   | Reached ***** piety under the Shining One
 18211 | Lair:5   | Reached skill level 20 in Axes
 18429 | Lair:5   | Reached XP level 14. HP: 119/127 MP: 14/14
 19884 | D:12     | Found Mesuufri's Assorted Antiques.
 19889 | D:12     | Bought a scroll of identify for 72 gold pieces
 19889 | D:12     | Bought a pair of runed gloves for 270 gold pieces
 19924 | D:12     | Found Idawulis's Assorted Antiques.
 20473 | D:12     | Found Xoc Junnachu's Magic Scroll Boutique.
 20480 | D:12     | Bought a scroll of identify for 30 gold pieces
 20481 | D:12     | Reached skill level 21 in Axes
 20481 | D:12     | Reached XP level 15. HP: 139/139 MP: 15/15
 20847 | D:12     | Found Lireocli's Weapon Shop.
 20974 | D:12     | Found Assas's General Store.
 20978 | D:12     | Bought a scroll of identify for 34 gold pieces
 21781 | D:13     | Found a gate to the Vaults.
 22271 | D:13     | Found Wukas's Antique Weapon Boutique.
 22405 | D:13     | Reached skill level 15 in Fighting
 23071 | D:14     | Found a portal to a secret trove of treasure.
 23124 | D:14     | Noticed Roxanne
 23425 | D:14     | Noticed Jorgrun
 23436 | D:14     | Killed Jorgrun
 23864 | D:15     | Entered Level 15 of the Dungeon
 23866 | D:15     | Found a shimmering altar of Xom.
 23892 | D:15     | Reached skill level 1 in Evocations
 23923 | D:15     | Reached ****** piety under the Shining One
 23957 | D:15     | Reached XP level 16. HP: 147/149 MP: 16/16
 23996 | D:15     | Noticed Kirke
 24012 | D:15     | Noticed a sphinx
 24024 | D:15     | Paralysed by a sphinx for 4 turns
 24034 | D:15     | Killed from afar by a sphinx

Illustrated notes

Levels and vault maps discovered:
D:1:      erik_arrival_orb_chamber, layout_basic
D:2:      wad_woods_pond, layout_basic, basic_altar, minmay_misc_feat_chi,
          uniq_jessica
D:3:      layout_loops_ring, mainiacjoe_overflow_surrounded_room,
          cheibrodos_sewer_entry_drain
D:4:      layout_basic, mainiacjoe_overflow_alcove_1,
          nicolae_overflow_crystal_walls, ebering_ghost_disaster_area
D:5:      layout_basic, mainiacjoe_overflow_catwalk, hex_medium
D:6:      layout_layer_cave, minmay_temple_entry_mist, uniq_eustachio
D:7:      layout_basic, dancing_weapons_uskayaw, solitary_fountain
D:8:      layout_loops_ring, uniq_gastronok, uniq_erica, uniq_maggie
D:9:      layout_rooms
D:10:     layout_cave_pods, hiddenorc2_lemuel, uniq_harold
D:11:     layout_roguey, grunt_lair_entry_orc_guard_hut, portal_ice_cave_rime
D:12:     layout_basic, serial_shops, nicolae_shop_hallway_stairs, shop,
          nicolae_shop_trees, shop, shop, minmay_liquid_box,
          chequers_serial_rivers_small_3, library_closet
D:13:     layout_basic, david_vaults_1, serial_shops, nicolae_shop_scrapyard
D:14:     layout_small_grid, grunt_decor_mini_mirrors,
          nicolae_trove_entry_free_sample, uniq_jorgrun, uniq_roxanne
D:15:     grunt_enter_depths_magical_seal, layout_long_grid,
          hangedman_decor_slide_cut, led_xom_imps, uniq_kirke
Lair:1:   layout_roguey, worms_lemuel
Lair:2:   dreamdust_cave_troll, layout_cave_pods, lemuel_fruit_fields,
          grunt_megastairs_2, serial_bayou_shore_b, serial_bayou_shore_b,
          infiniplex_staircase_pool_2
Lair:3:   layout_cave_shapes, minmay_swamp_entry_reptiles, dummy_spider_entry
Lair:4:   layout_loops_ring, slime_entry_1, uniq_urug, uniq_nessos
Lair:5:   grunt_lair_end_beastmaster, layout_hall_layers, minivault_23,
          hellmonk_talismancer, grunt_megastairs_3, lemuel_fruit_tree
Orc:1:    layout_caves
Orc:2:    st_orc_open, layout_caves, roderic_batcave

Skill      XL: |  1  2  3  4  5  6  7  8  9 10 11 12 13 14 15 |
---------------+----------------------------------------------+-----
Axes           | 3 4 6 7 9 12 14 16 18 20 21 | 21.5
Armour         | 4 5 6 7 8 9 10 11 12 13 | 13.8
Fighting       | 4 5 6 7 8 10 11 12 14 15 | 15.5
Dodging        | 1 2 3 |  3.1
Shields        | 4 5 6 8 9 |  9.2
Stealth        | 1 |  1.8
Throwing       | 1 |  1.5
Evocations     | 1 |  1.0

Action                     |  1- 3 |  4- 6 |  7- 9 | 10-12 | 13-15 | 16-18 || total
---------------------------+-------+-------+-------+-------+-------+-------++-------
  Melee: War axe           |   104 |    81 |       |       |       |       ||   185
         Broad axe         |       |    77 |   129 |       |       |       ||   206
         Battleaxe         |       |       |    96 |   459 |   551 |     7 ||  1113
  Throw: Javelin           |       |     6 |     7 |    10 |       |       ||    23
  Evoke: Wand              |       |       |       |     3 |     2 |       ||     5
    Use: Potion            |     1 |       |       |       |     5 |     1 ||     7
         Scroll            |       |       |     5 |    14 |     5 |       ||    24
 Armour: Scale mail        |    83 |    95 |   149 |   141 |       |       ||   468
         Chain mail        |       |       |    95 |   103 |       |       ||   198
         Plate armour      |       |       |       |   198 |   618 |     5 ||   821
         Skin              |       |       |       |       |       |    17 ||    17
  Dodge: Dodged            |    59 |    97 |   109 |   193 |   167 |       ||   625
  Block: Buckler           |    28 |    42 |    83 |       |       |       ||   153
         Reflection        |       |       |     8 |     9 |     5 |       ||    22
         Other             |       |       |    16 |   108 |   117 |     1 ||   242

Table legend: (Time is in decaauts)
 A = Elapsed time spent in this place.
 B = Non-inter-level travel time spent in this place.
 C = Inter-level travel time spent in this place.
 D = Time resting spent in this place.
 E = Time spent auto-exploring this place.
 F = Levels seen in this place.
 G = Mean time per level.
                   A        B        C        D        E       F      G
               +--------+--------+--------+--------+--------+-----+--------+
         Total |  24114 |  23013 |   1101 |   6331 |  10747 |  23 | 1048.4 |
       Dungeon |  15564 |  14913 |    651 |   3741 |   7285 |  15 | 1037.6 |
          Lair |   7857 |   7407 |    450 |   2408 |   3374 |   5 | 1571.4 |
  Orcish Mines |    398 |    398 |      0 |    182 |     44 |   2 |  199.0 |
         Sewer |    293 |    293 |      0 |      0 |     43 |   1 |  293.0 |
               +--------+--------+--------+--------+--------+-----+--------+

Top non-repeatable levels by time:
  Lair:5: 1816 daAuts
  Lair:2: 1728 daAuts
  Lair:4: 1590 daAuts
    D:13: 1568 daAuts
  Lair:1: 1474 daAuts
    D:12: 1409 daAuts
    D:10: 1315 daAuts
     D:6: 1283 daAuts
  Lair:3: 1248 daAuts
     D:7: 1247 daAuts
     D:2: 1182 daAuts
    D:11: 1101 daAuts
     D:8: 1060 daAuts
     D:5: 1051 daAuts
    D:14: 983 daAuts
